 Dungeon Crawl Stone Soup version 0.21.1-1-g345015fe64 (webtiles) character file.

7340 MsStandart the Impaler (level 11, -8/90 HPs)
             Began as a Merfolk Berserker on June 7, 2018.
             Was a High Priest of Trog.
             Mangled by a yak (13 damage)
             ... on level 8 of the Dungeon on June 8, 2018.
             The game lasted 00:51:27 (11546 turns).

MsStandart the Impaler (Merfolk Berserker)         Turns: 11546, Time: 00:51:28

Health: -8/90      AC: 14    Str: 20    XL:     11   Next: 13%
Magic:  11/11      EV: 11    Int:  8    God:    Trog [*****.]
Gold:   57         SH:  0    Dex: 13    Spells: 10/10 levels left

rFire    + . .     SeeInvis .   C - +0 glaive
rCold    x . .     Gourm    .   (shield currently unavailable)
rNeg     . . .     Faith    .   H - +5 scale mail {rPois}
rPois    +         Spirit   .   E - +0 hat
rElec    .         Reflect  .   G - +0 cloak {MR+}
rCorr    +         Harm     .   (no gloves)
MR       +....                  (no boots)
Stlth    ..........             (no amulet)
HPRegen  0.25/turn              h - ring of fire
MPRegen  0.12/turn              s - ring of resist corrosion

@: berserk cooldown, slowed, very slow
A: change form in water, swift swim, stealthy swim
a: Berserk, Trog's Hand, Brothers in Arms, Burn Spellbooks, Renounce Religion


You were on level 8 of the Dungeon.
You worshipped Trog.
Trog was extremely pleased with you.
You were very hungry.

You visited 1 branch of the dungeon, and saw 9 of its levels.

You collected 393 gold pieces.
You spent 336 gold pieces at shops.

Inventory:

Hand Weapons
 a - a +1 spear
 r - a +0 halberd
 C - a +0 glaive (weapon)
Armour
 g - a +0 chain mail
 E - a +0 hat (worn)
 G - a +0 cloak of magic resistance (worn)
 H - a +5 scale mail of poison resistance (worn)
Jewellery
 h - a ring of fire (left hand)
 s - a ring of resist corrosion (right hand)
 D - a +4 ring of protection {unknown}
Wands
 b - a wand of acid (16)
 t - a wand of scattershot (1)
Scrolls
 k - a scroll of enchant weapon
 n - a scroll of identify
 w - 2 scrolls of magic mapping
 x - a scroll of random uselessness {unknown}
 y - a scroll of fear
 A - 2 scrolls of fog
 B - 2 scrolls of teleportation
Potions
 d - a potion of curing
 e - a potion of degeneration {unknown}
 f - a potion of ambrosia {unknown}
 i - a potion of agility
 j - 5 potions of brilliance {unknown}
 l - a potion of lignification {unknown}
 m - 3 potions of flight
 o - a potion of berserk rage {unknown}
 p - 3 potions of heal wounds {unknown}
 q - a potion of resistance {unknown}
 z - 3 potions of might {unknown}
Comestibles
 c - 9 rations


   Skills:
 + Level 9.7 Fighting
 * Level 16.3 Polearms
 + Level 6.6 Armour
 - Level 2.6 Dodging


You had 10 spell levels left.
You didn't know any spells.

Dungeon Overview and Level Annotations

Branches:
Dungeon (9/15)             Temple (0/1) D:4
   Lair: D:8-11         Orc: D:9-12

Altars:
Elyvilon
Gozag
Hepliaklqana
Kikubaaqudgha
Okawaru
Qazlal
Xom
Yredelemnul
The Shining One

Shops:
D:4 !:?*[   D:6 [


Message History

The yak barely misses you. The yak gores you.
* * * LOW HITPOINT WARNING * * *
You hit the yak but do no damage.
The yak is moderately wounded.
The yak gores you but does no damage.
You barely miss the yak.
The yak is moderately wounded.
The yak gores you but does no damage.
You barely miss the yak.
The yak is moderately wounded.
The yak gores you!
* * * LOW HITPOINT WARNING * * *
The yak gores you but does no damage.
You feel better. The yak gores you but does no damage.
You hit the yak but do no damage.
The yak is lightly wounded.
The yak gores you!
* * * LOW HITPOINT WARNING * * *
The yak gores you!
You die...

^#^#^#..#####'########.#
######...............#.#
.....'.###.........#.#.##### ##
######.# #.........#.#'##..## ##.
§#^#^#.# ###########......#.###.#
.#.#.#.# #).....##.#.## ######.#
#....####...##
.......#############.............
................@YY†>...####...##
############.########.....##.#.##
#.# ##.####.###.#
############.#########.##..#####.
........................'.....##.
####..######'#########.##.....#..
#..# #......# #..#...........
##.# #......# #..############ #.#
#......# #..# #.......<#


You could see 2 yaks.

Vanquished Creatures
  Gastronok (D:8)
  Pikel (D:7)
  The ghost of kajmaj the Stinger, a novice DrVM (D:7)
  Maurice (D:8)
  Sigmund (D:3)
  A wyvern (D:8)
  4 yaks
  Grum (D:8)
  A hungry ghost (D:7)
  A sky beast (D:8)
  A hornet zombie (D:8)
  2 ice beasts
  4 slaves (D:7)
  2 orc warriors (D:7)
  3 black bears
  2 ogres (D:7)
  3 wolves (D:8)
  The ghost of Finalfun the Skirmisher, an amateur DsBe of Trog (D:4)
  2 phantoms
  4 centaurs
  A bullfrog (D:6)
  3 scorpions
  2 howler monkeys (D:8)
  2 crimson imps (D:5)
  3 hounds
  2 bullfrog skeletons
  3 jellies
  Crazy Yiuf (D:4)
  5 orc priests
  A centaur skeleton (D:8)
  6 iguanas
  4 orc wizards
  7 worker ants
  A howler monkey zombie (D:5)
  Robin (D:3)
  2 worker ant zombies
  9 adders
  7 gnolls
  A river rat (D:6)
  A shadow imp (D:8)
  3 oozes
  An adder zombie (D:5)
  5 worms
  6 leopard geckos
  31 orcs
  12 bats
  8 giant cockroaches
  19 goblins
  10 hobgoblins
  9 jackals
  4 quokkas
  4 frilled lizards
  6 kobolds
  2 leopard gecko skeletons
  A quokka zombie (D:7)
  9 rats
229 creatures vanquished.

Notes
Turn   | Place    | Note
-------+----------+-------------------------------------------
     0 | D:1      | MsStandart the Merfolk Berserker began the quest for the Orb.
     0 | D:1      | Reached XP level 1. HP: 18/18 MP: 1/1
    45 | D:1      | Reached XP level 2. HP: 21/24 MP: 2/2
   229 | D:1      | Reached skill level 5 in Polearms
   827 | D:2      | Reached XP level 3. HP: 29/29 MP: 3/3
   867 | D:2      | Reached XP level 4. HP: 37/37 MP: 4/4
   933 | D:2      | Reached skill level 6 in Polearms
   960 | D:2      | Reached ** piety under Trog
  1175 | D:2      | Found a basalt altar of Yredelemnul.
  1183 | D:2      | Noticed a profane servitor
  1192 | D:2      | Found a glowing golden altar of the Shining One.
  1194 | D:2      | Noticed an angel
  1360 | D:1      | Reached XP level 5. HP: 38/42 MP: 5/5
  1602 | D:2      | Found a shimmering altar of Xom.
  1897 | D:3      | Noticed Robin
  2005 | D:3      | Killed Robin
  2192 | D:3      | Got a brightly glowing helmet
  2193 | D:3      | Identified the -6 helmet of the Quahog {rN++} (You took it off Robin on level 3 of the Dungeon)
  2265 | D:3      | Reached skill level 7 in Polearms
  2343 | D:3      | Reached *** piety under Trog
  2744 | D:3      | Noticed Sigmund
  3019 | D:3      | Killed Sigmund
  3019 | D:3      | Reached skill level 8 in Polearms
  3019 | D:3      | Reached XP level 6. HP: 50/50 MP: 6/6
  3148 | D:3      | Noticed a phantom
  3180 | D:3      | Killed a phantom
  3180 | D:3      | Reached skill level 5 in Fighting
  3180 | D:3      | Reached XP level 7. HP: 31/56 MP: 7/7
  3470 | D:3      | HP: 2/56 [poisoned by a scorpion]
  3900 | D:4      | Found Zyraar's Book Emporium.
  3925 | D:4      | Reached skill level 9 in Polearms
  3979 | D:4      | Found Zuuk's Distillery.
  4006 | D:4      | Found Giceugh's Magic Scroll Shoppe.
  4007 | D:4      | Noticed Finalfun's ghost (amateur DsBe)
  4027 | D:4      | Killed Finalfun's ghost
  4527 | D:4      | Found a runed door.
  4531 | D:4      | Noticed Crazy Yiuf
  4536 | D:4      | Killed Crazy Yiuf
  4670 | D:4      | Reached **** piety under Trog
  4722 | D:4      | Found Ediwnos's General Store.
  4723 | D:4      | Found Umuqik's Armour Emporium.
  4917 | D:4      | Reached XP level 8. HP: 64/64 MP: 8/8
  5002 | D:4      | Reached skill level 10 in Polearms
  5179 | D:4      | Found a staircase to the Ecumenical Temple.
  5271 | D:4      | Found an ancient bone altar of Kikubaaqudgha.
  5271 | D:4      | Found a white marble altar of Elyvilon.
  5272 | D:4      | Found an iron altar of Okawaru.
  5298 | D:5      | Entered Level 5 of the Dungeon
  5517 | D:5      | Found a sand-covered staircase.
  5866 | D:5      | Reached skill level 11 in Polearms
  6902 | D:6      | Reached ***** piety under Trog
  6962 | D:6      | Found a glowing drain.
  7049 | D:6      | Reached XP level 9. HP: 70/71 MP: 9/9
  7059 | D:6      | Found Usomale's Armour Shoppe.
  7136 | D:6      | Reached skill level 12 in Polearms
  7492 | D:6      | Found an opulent altar of Gozag.
  7525 | D:6      | Found a stormy altar of Qazlal.
  8122 | D:7      | Noticed kajmaj's ghost (novice DrVM)
  8328 | D:7      | Killed kajmaj's ghost
  8328 | D:7      | Reached skill level 13 in Polearms
  8328 | D:7      | Reached skill level 5 in Armour
  8713 | D:7      | Noticed Pikel
  8794 | D:7      | Killed Pikel
  8794 | D:7      | Reached XP level 10. HP: 50/80 MP: 10/10
  8971 | D:7      | Found a hazy altar of Hepliaklqana.
  9041 | D:7      | Found an iron altar of Okawaru.
  9131 | D:7      | Reached skill level 14 in Polearms
 10052 | D:8      | Noticed Gastronok
 10067 | D:8      | Killed Gastronok
 10067 | D:8      | Reached skill level 15 in Polearms
 10736 | D:8      | Noticed Grum
 10757 | D:8      | Killed Grum
 10782 | D:8      | Noticed Maurice
 10798 | D:8      | Killed Maurice
 10798 | D:8      | Reached XP level 11. HP: 71/89 MP: 11/11
 10878 | D:8      | Reached skill level 16 in Polearms
 11332 | D:4      | Bought a +4 scale mail of poison resistance for 336 gold pieces
 11544 | D:8      | HP: 4/90 [yak (7)]
 11546 | D:8      | Mangled by a yak

Skill      XL: |  1  2  3  4  5  6  7  8  9 10 11 |
---------------+----------------------------------+-----
Polearms       | 5 6 8 9 11 13 15 16 | 16.3
Armour         | 2 3 4 5 6 |  6.6
Fighting       | 4 5 6 8 9 |  9.7
Dodging        | |  2.6

Action                   |  1- 3 |  4- 6 |  7- 9 | 10-12 || total
-------------------------+-------+-------+-------+-------++-------
Melee: Spear             |    72 |   331 |   144 |       ||   547
       Halberd           |       |       |   387 |     3 ||   390
       Tailslap          |       |       |     4 |       ||     4
       Glaive            |       |       |       |   147 ||   147
Invok: Berserk           |       |     1 |     4 |     2 ||     7
       Burn Spellbooks   |       |     1 |     1 |     1 ||     3
Evoke: Wand              |       |       |       |     3 ||     3
  Use: Scroll            |     5 |     1 |     6 |     4 ||    16
       Potion            |       |       |     4 |     3 ||     7
  Eat: Chunk             |       |     6 |    16 |     6 ||    28
       Ration            |       |     1 |     2 |     1 ||     4
Armor: Animal skin       |    12 |       |       |       ||    12
       Chain mail        |    12 |   202 |   206 |    53 ||   473
       Scale mail        |       |       |       |    16 ||    16
Dodge: Dodged            |    44 |   148 |   169 |    55 ||   416
